 Dungeon Crawl Stone Soup version 0.25.0-1-g7eea58d2a3 (webtiles) character file.

Game seed: 10083897330222324318

73 Descartes the Magician (level 4, 0/21 HPs)
             Began as a Spriggan Wizard on June 13, 2020.
             Killed from afar by Sigmund (8 damage)
             ... with a magic dart
             ... on level 2 of the Dungeon.
             The game lasted 00:05:49 (2385 turns).

Descartes the Magician (Spriggan Wizard)            Turns: 2385, Time: 00:05:49

Health: 0/21       AC:  2    Str:  3    XL:     4   Next: 8%
Magic:  1/11       EV: 19    Int: 20    God:
Gold:   62         SH:  0    Dex: 14    Spells: 3/12 levels left

rFire    . . .     SeeInvis +   j - +0 short sword
rCold    . . .     Gourm    .   (shield restricted)
rNeg     . . .     Faith    .   a - +0 robe
rPois    .         Spirit   .   b - +0 hat
rElec    .         Reflect  .   (no cloak)
rCorr    .         Harm     .   (gloves unavailable)
MR       .....                  (boots unavailable)
Stlth    +++.......             (no amulet)
HPRegen  0.07/turn              (no ring)
MPRegen  0.12/turn              (no ring)

@: very quick
A: very small, unfitting armour, see invisible, herbivore, speed 3, slow
metabolism 2
a: no special abilities


You were on level 2 of the Dungeon.
You were not hungry.

You visited 1 branch of the dungeon, and saw 2 of its levels.

You collected 62 gold pieces.

Inventory:

Hand Weapons
 j - a +0 short sword (weapon)
Missiles
 c - 16 arrows
 e - 65 stones (quivered)
Armour
 a - a +0 robe (worn)
 b - a +0 hat (worn)
Scrolls
 h - 4 scrolls of identify {unknown}
 k - a scroll of fear {unknown}
Potions
 f - a potion of haste {unknown}
 g - 2 potions of flight {unknown}
 i - a potion of stabbing {unknown}
 l - a potion of berserk rage {unknown}
Comestibles
 d - a ration


   Skills:
 + Level 3.9 Dodging
 + Level 4.1 Stealth
 + Level 4.6 Spellcasting
 + Level 1.3 Conjurations
   Level 0.7 Summonings
 + Level 2.4 Translocations


You had 3 spell levels left.
You knew the following spells:

 Your Spells              Type           Power        Failure   Level  Hunger
a - Magic Dart            Conj           ##..         7%          1    None
b - Blink                 Tloc           N/A          7%          2    #......
c - Conjure Flame         Conj/Fire      #.......     26%         3    ##.....
d - Mephitic Cloud        Conj/Pois/Air  #.......     30%         3    ##.....

Your spell library contained the following spells:

 Spells                   Type           Power        Failure   Level  Hunger
 Call Imp                 Summ           #.......     14%         2    #......
 Slow                     Hex            #.......     19%         2    #......


Dungeon Overview and Level Annotations

Branches:
Dungeon (2/15)

Altars:

Annotations:
D:2 Natasha, Sigmund


Innate Abilities, Weirdness & Mutations

You are very small and have problems with some larger weapons.
You are too small for most types of armour.
You have supernaturally acute eyesight. (SInv)
You are a herbivore.
You cover ground extremely quickly.
You need to consume almost no food.


Message History

Sigmund is severely wounded.
Sigmund gestures at you while chanting.
You easily resist.
You barely miss Sigmund.
Sigmund is severely wounded.
Sigmund points at you and mumbles some strange words.
The magic dart hits you!
You barely miss Sigmund.
Sigmund is severely wounded.
Sigmund barely misses you.
You hit Sigmund.
Sigmund is almost dead.
Sigmund barely misses you.
You closely miss Sigmund.
Sigmund is almost dead.
You hit Sigmund but do no damage.
Sigmund is almost dead.
Sigmund gestures at you while chanting. The magic dart hits you!
You die...

...# #. #..# #####
#..####### ##†...###.
.).>.....######.......†.
#..###..........#.†.###
#..###.#.######.....#
#...##.#.# ##.#.##
#....#.#.# #.# #
.....#.#.# #@#
.........#### #@#
......#....... ..$
.........#.##.#..#.
..)......# ## #..###
..<....##...# #..#
#.###........ ...# #.#
#.###...# #.## #.###.#
.##


You could see Sigmund.

Vanquished Creatures
  4 adders
  An ooze (D:1)
  2 dart slugs (D:2)
  A leopard gecko (D:2)
  A giant cockroach (D:1)
  5 goblins
  A quokka (D:2)
  3 bats
  4 frilled lizards
  6 kobolds
  3 rats
31 creatures vanquished.

Notes
Turn   | Place    | Note
-------+----------+-------------------------------------------
     0 | D:1      | Descartes the Spriggan Wizard began the quest for the Orb.
     0 | D:1      | Reached XP level 1. HP: 9/9 MP: 6/6
   400 | D:1      | Reached XP level 2. HP: 13/13 MP: 0/8
   540 | D:1      | Reached skill level 1 in Conjurations
   870 | D:1      | Learned a level 2 spell: Blink
  1410 | D:2      | Reached XP level 3. HP: 16/16 MP: 4/9
  1415 | D:2      | Learned a level 3 spell: Conjure Flame
  1419 | D:2      | Learned a level 3 spell: Mephitic Cloud
  1499 | D:2      | Noticed Natasha
  2328 | D:2      | Reached XP level 4. HP: 21/21 MP: 6/11
  2367 | D:2      | Noticed Sigmund
  2385 | D:2      | Killed from afar by Sigmund

Illustrated notes

Levels and vault maps discovered:
D:1:      minmay_arrival_doors, layout_loops_cross
D:2:      layout_loops_ring, uniq_crazy_yiuf_cottage, uniq_sigmund, uniq_natasha

Skill      XL: |  1  2  3 |
---------------+----------+-----
Conjurations   | 1 |  1.3
Translocations | 2 |  2.4
Stealth        | 4 |  4.1
Dodging        | |  3.9
Spellcasting   | |  4.6
Summonings     | |  0.7

Action                   |  1- 3 |  4- 6 || total
-------------------------+-------+-------++-------
Melee: Short sword       |       |     5 ||     5
 Cast: Magic Dart        |   115 |    13 ||   128
Armor: Robe              |     2 |       ||     2
Dodge: Dodged            |    18 |     6 ||    24
